 Dungeon Crawl Stone Soup version 0.31-a0-865-g3d5d91748a (webtiles) character file.

Game seed: 18185573285289855155

536 LeprechaunX the Changeling (level 7, -4/46 HPs)
             Began as an Octopode Shapeshifter on Oct 10, 2023.
             Was an Initiate of Hepliaklqana.
             Killed from afar by an orc wizard (10 damage)
             ... with a magic dart
             ... on level 5 of the Dungeon.
             The game lasted 00:04:26 (3097 turns).

LeprechaunX the Changeling (Octopode Shapeshifter)  Turns: 3097, Time: 00:04:26

Health: -4/46      AC:  1    Str: 15    XL:     7   Next: 25%
Magic:  7/7        EV: 14    Int: 12    God:    Hepliaklqana [......]
Gold:   209        SH:  0    Dex: 12    Spells: 6/6 levels left

rFire   . .          .
                       - Unarmed
rCold   + . .        (no shield)
rNeg    . . .        (helmet currently unavailable)
rPois   .            (no amulet)
rElec   .            u - ring of protection from cold
rCorr   .            (no ring)
SInv    .            (no ring)
Will    .....        (no ring)
Stlth   ++           (no ring)
HPRegen 0.27/turn    (no ring)
MPRegen 0.10/turn    (no ring)
                     (no ring)

%: no passive effects
@: confused, beast-form
A: beast (slay +2), almost no armour, amphibious, 8 rings, camouflage 1,
gelatinous body 1, (nimble swimmer 1), tentacles
a: Begin Untransformation, Renounce Religion


You were on level 5 of the Dungeon.
You worshipped Hepliaklqana.
Hepliaklqana was noncommittal.
You were a hulking beast.
You visited 2 branches of the dungeon, and saw 6 of its levels.

You collected 209 gold pieces.

Inventory:

Hand Weapons
 a - a +1 sling of freezing
Missiles
 k - 3 boomerangs
Jewellery
 l - a ring of magical power
 u - a ring of protection from cold (left tentacle)
 y - a ring of protection from fire
Talismans
 b - a beast talisman (active)
 c - a flux talisman
Scrolls
 d - 5 scrolls of teleportation {unknown}
 e - 3 scrolls of fog {unknown}
 f - 2 scrolls of revelation {unknown}
 h - a scroll of butterflies {unknown}
 i - 2 scrolls of vulnerability {unknown}
 m - 2 scrolls of amnesia {unknown}
 o - 2 scrolls of enchant armour {unknown}
 p - 2 scrolls of poison {unknown}
 q - 3 scrolls of identify {unknown}
 s - a scroll of fear {unknown}
 x - a scroll of blinking {unknown}
Potions
 g - 4 potions of curing {unknown}
 j - 2 potions of berserk rage {unknown}
 n - a potion of enlightenment {unknown}
 r - 2 potions of lignification
 t - a potion of haste {unknown}
 v - a potion of degeneration {unknown}
 w - a potion of might {unknown}


   Skills:
 + Level 3.1 Fighting
 + Level 2.1 Ranged Weapons
 + Level 3.5 Dodging
 + Level 4.2 Unarmed Combat
 + Level 1.1 Invocations
 * Level 5.0 Shapeshifting


You had 6 spell levels left.
You didn't know any spells.
Your spell library contained the following spells:

 Spells                   Type           Power      Damage    Failure   Level
 Sandblast                Erth           0%         2d4       32%         1
 Passwall                 Tmut/Erth      0%         N/A       45%         2
 Stone Arrow              Conj/Erth      0%         3d7       69%         3
 Brom's Barrelling Bould  Conj/Erth      0%         2d3       97%         4


Dungeon Overview and Level Annotations

Branches:
Dungeon (5/15)             Temple (1/1) D:4

Altars:
Cheibriados
Dithmenos
Fedhas
Hepliaklqana
Kikubaaqudgha
Makhleb
Okawaru
Ru
Sif Muna
Uskayaw
Vehumet
Yredelemnul
Zin
The Shining One


Innate Abilities, Weirdness & Mutations

You are a hulking beast.
Your limbs bulge with bestial killing power. (Slay +2)
You cannot wear most types of armour.
You are amphibious.
You can wear up to eight rings at the same time.
Your skin changes colour to match your surroundings (Stealth+).
Your rubbery body absorbs attacks. (AC +1, EV +1)
((You are camouflaged when in or above water. (Stealth+)))
You have tentacles for arms and can constrict up to eight enemies at once.


Message History

Something hits you.
You miss something. Your squeeze misses something. Something hits you.
You tentacle-slap something. Something hits you.
You tentacle-slap something but do no damage.
Something hits you.
You tentacle-slap something. Something hits you.
You miss something. Something completely misses you.
You closely miss something. Your squeeze misses something. Something hits you.
You closely miss something. Something hits you.
* * * LOW HITPOINT WARNING * * *
You tentacle-slap something but do no damage.
You hear some strange, mumbled words.
Something tries to affect you, but you resist.
You miss something. Your squeeze misses something.
You tentacle-slap something but do no damage.
Your squeeze misses something. Something barely misses you.
You barely miss something. Something hits you.
* * * LOW HITPOINT WARNING * * *
You barely miss something. Something hits you but does no damage.
You tentacle-slap something. Your squeeze misses something.
Something hits you but does no damage.
You bludgeon something!
You hear some strange, mumbled words.
You are confused.
You're too confused to attack without stumbling around!
You're too confused to attack without stumbling around!
You're too confused to move!
Something hits you.
* * * LOW HITPOINT WARNING * * *
You're too confused to move!
Something barely misses you.
You closely miss something.
You bump into the rock wall.
Something hits you.
* * * LOW HITPOINT WARNING * * *
You barely miss something. Your squeeze misses something.
The orc barely misses you. Something barely misses you.
You closely miss the orc. You squeeze the orc!
You kill the orc!
You hear some strange, mumbled words.
A magic dart appears from out of thin air!
The magic dart hits you!
You die...

#.....[......#
##............#
#............#.#
..#........)_# ##
.##..........#..#
#...#.........#
.....#.........#
###..#†8.8.8...# #
#h{......##
##)#####.# #
#†####..# ######.
#.#....## #<..#...
#...#
#...S..g......#..##
...##h.gg.........#
.......?....)#...#
###....>...... ##.#


There were no monsters in sight!

Vanquished Creatures
  2 ogres
  A phantom (D:4)
  An orc priest (D:4)
  2 hounds
  An orc wizard (D:3)
  An iguana (D:5)
  A gnoll (D:4)
  6 adders
  A worm (D:4)
  4 dart slugs
  5 orcs
  5 endoplasms
  3 giant cockroaches
  12 goblins
  6 hobgoblins
  2 jackals (D:3)
  3 quokkas
  8 ball pythons
  6 bats
  7 frilled lizards
  13 kobolds
  7 rats
97 creatures vanquished.

Notes
Turn   | Place    | Note
-------+----------+-------------------------------------------
     0 | D:1      | LeprechaunX the Octopode Shapeshifter began the quest for
                  | the Orb.
     0 | D:1      | Reached XP level 1. HP: 13/13 MP: 1/1
    84 | D:1      | Reached XP level 2. HP: 11/18 MP: 2/2
   576 | D:1      | Reached XP level 3. HP: 23/23 MP: 3/3
   933 | D:2      | Reached XP level 4. HP: 13/29 MP: 4/4
  1281 | D:2      | Found a radiant altar of Vehumet.
  2002 | D:3      | Reached skill level 4 in Shapeshifting
  2272 | D:4      | Reached XP level 5. HP: 33/34 MP: 5/5
  2413 | D:4      | Noticed an ogre
  2418 | D:4      | Killed an ogre
  2419 | D:4      | Reached skill level 1 in Ranged Weapons
  2446 | D:4      | Noticed a phantom
  2455 | D:4      | Killed a phantom
  2456 | D:4      | Reached XP level 6. HP: 32/41 MP: 6/6
  2559 | D:4      | Found a staircase to the Ecumenical Temple.
  2662 | Temple   | Entered the Ecumenical Temple
  2670 | Temple   | Became a worshipper of Hepliaklqana the Forgotten
  2721 | D:4      | Found a glowing silver altar of Zin.
  2820 | D:4      | Found a basalt altar of Yredelemnul.
  2943 | D:5      | Entered Level 5 of the Dungeon
  2979 | D:5      | Found a hide-covered altar of Uskayaw.
  2985 | D:5      | Reached XP level 7. HP: 39/46 MP: 7/7
  3055 | D:5      | Reached skill level 1 in Invocations
  3055 | D:5      | Reached skill level 5 in Shapeshifting
  3097 | D:5      | Killed from afar by an orc wizard

Illustrated notes

Levels and vault maps discovered:
D:1:      dpeg_arrival_simpleton_c, layout_basic
D:2:      layout_basic, basic_altar, minmay_pentomino_w2
D:3:      kennysheep_big_flooded_room, layout_basic
D:4:      layout_loops_ring, mainiacjoe_overflow_catch_the_wave,
          minmay_temple_entry_statues_fountains
D:5:      layout_rooms, eat_drink_and_be_merry_uskayaw, uniq_duvessa,
          uniq_grinder
Temple:   nicolae_temple_bog_church

Skill      XL: |  1  2  3  4  5  6  7 |
---------------+----------------------+-----
Fighting       | 2 3 |  3.1
Shapeshifting  | 4 5 |  5.0
Ranged Weapons | 1 2 |  2.1
Dodging        | 3 |  3.5
Unarmed Combat | 4 |  4.2
Invocations    | 1 |  1.1

Action                     |  1- 3 |  4- 6 |  7- 9 || total
---------------------------+-------+-------+-------++-------
  Melee: Unarmed           |    68 |    74 |    28 ||   170
         Constrict         |    16 |    18 |     2 ||    36
         Tentacles         |     6 |    17 |     4 ||    27
         Punch             |     2 |     7 |       ||     9
   Fire: Sling             |       |    41 |     4 ||    45
   Stab: Sleeping          |     7 |     2 |       ||     9
 Armour: Skin              |    22 |    42 |    20 ||    84
  Dodge: Dodged            |    32 |    50 |    13 ||    95

Table legend: (Time is in decaauts)
 A = Elapsed time spent in this place.
 B = Non-inter-level travel time spent in this place.
 C = Inter-level travel time spent in this place.
 D = Time resting spent in this place.
 E = Time spent auto-exploring this place.
 F = Levels seen in this place.
 G = Mean time per level.
                   A        B        C        D        E       F      G
               +--------+--------+--------+--------+--------+-----+--------+
         Total |   3097 |   2936 |    161 |    226 |   2160 |   6 |  516.2 |
       Dungeon |   3080 |   2933 |    147 |    226 |   2160 |   5 |  616.0 |
        Temple |     16 |      2 |     14 |      0 |      0 |   1 |   16.0 |
               +--------+--------+--------+--------+--------+-----+--------+

Top non-repeatable levels by time:
     D:1: 801 daAuts
     D:3: 762 daAuts
     D:2: 755 daAuts
     D:4: 638 daAuts
     D:5: 122 daAuts
  Temple: 16 daAuts
